 Dungeon Crawl Stone Soup version 0.30.1-11-g7821555f0a (webtiles) character file.

Game seed: 6639673363235631945

16673 Cheops the Fighter (level 12, -9/136 HPs)
             Began as an Ogre Fighter on Dec 9, 2023.
             Was an Elder of the Shining One.
             Mangled by a komodo dragon (29 damage)
             ... on level 1 of the Lair of Beasts.
             The game lasted 00:39:14 (15794 turns).

Cheops the Fighter (Ogre Fighter)                  Turns: 15794, Time: 00:39:14

Health: -9/136     AC:  9    Str: 23    XL:     12   Next: 40%
Magic:  18/18      EV:  8    Int: 13    God:    the Shining One [****..]
Gold:   727        SH:  9    Dex:  8    Spells: 11/11 levels left

rFire   . . .        a - +5 flail
rCold   . . .        E - +0 kite shield
rNeg    + + .        y - +0 swamp dragon scales
rPois   +            (helmet restricted)
rElec   .            m - +0 cloak
rCorr   .            (gloves unavailable)
SInv    .            (boots unavailable)
Will    +....        (no amulet) Stlth
                     u - ring of flight
HPRegen 0.42/turn    (no ring)
MPRegen 0.16/turn

%: no passive effects
@: flying, glowing, studying Polearms
A: large, unfitting armour, tough skin 1
a: Renounce Religion, Divine Shield, Cleansing Flame


You were on level 1 of the Lair of Beasts.
You worshipped the Shining One.
The Shining One was greatly pleased with you.
You visited 3 branches of the dungeon, and saw 13 of its levels.
You also visited: Sewer.

You collected 727 gold pieces.

Inventory:

Hand Weapons
 a - a +5 flail (weapon)
 b - a +2 heavy mace
 c - a +5 battleaxe
 l - a +0 whip of flaming
 H - a +0 flail
 L - a +0 mace of holy wrath
 Q - a +3 heavy hand axe
Missiles
 K - 4 large rocks (quivered)
Armour
 m - a +0 cloak (worn)
 s - a +2 robe of positive energy
 y - +0 swamp dragon scales (worn)
 A - a +1 troll leather armour
 B - a +0 robe of resistance
 E - a +0 kite shield (worn)
Magical Staves
 r - a staff of cold
 I - a staff of poison
 M - a staff of fire
Jewellery
 u - a ring of flight (left hand)
Wands
 d - a wand of flame (17)
 p - a wand of polymorph (3)
 D - a wand of roots (8)
Scrolls
 e - 3 scrolls of teleportation
 n - 6 scrolls of magic mapping
 w - a scroll of fear
 C - 2 scrolls of summoning
 F - 2 scrolls of enchant weapon
 G - 5 scrolls of immolation
 O - a scroll of identify
Potions
 f - 4 potions of curing
 g - 2 potions of lignification
 h - 2 potions of cancellation
 i - 4 potions of brilliance
 j - 2 potions of haste
 k - 6 potions of heal wounds
 o - a potion of magic
 q - 3 potions of mutation {unknown}
 t - a potion of ambrosia {unknown}
 v - a potion of might
 x - a potion of flight
 z - 4 potions of attraction
 J - 2 potions of resistance {unknown}
 N - a potion of berserk rage {unknown}


   Skills:
 - Level 13.5 Fighting
 + Level 12.0 Maces & Flails
 - Level 4.3 Throwing
 - Level 2.6 Dodging
 - Level 7.2 Shields
 - Level 8.0 Invocations
 - Level 3.2 Evocations


You had 11 spell levels left.
You didn't know any spells.
Your spell library contained the following spells:

 Spells                   Type           Power      Damage    Failure   Level
 Kiss of Death            Conj/Necr      0%         2d5       69%         1
 Cigotuvi's Dreadful Rot  Necr/Pois/Air  0%         N/A       83%         2
 Call Canine Familiar     Summ           0%         N/A       96%         3
 Confusing Touch          Hex            0%         N/A       96%         3
 Gell's Gravitas          Tloc           0%         N/A       96%         3
 Ignite Poison            Fire/Tmut/Pois 0%         N/A       96%         3
 Portal Projectile        Hex/Tloc       0%         N/A       96%         3
 Teleport Other           Tloc           0%         N/A       96%         3
 Animate Dead             Necr           0%         N/A       100%        4
 Dispel Undead            Necr           0%         3d6       100%        4
 Leda's Liquefaction      Hex/Erth       0%         N/A       100%        4
 Borgnjor's Vile Clutch   Necr/Erth      0%         N/A       100%        5
 Freezing Cloud           Conj/Ice/Air   0%         6-21      100%        5
 Death Channel            Necr           0%         N/A       100%        6
 Dispersal                Tloc           0%         N/A       100%        6


Dungeon Overview and Level Annotations

Branches:
Dungeon (11/15)            Temple (1/1) D:5            Lair (1/5) D:8
    Orc (0/2) D:10          Sewer (visited)

Altars:
Ashenzari
Cheibriados
Dithmenos
Elyvilon
Fedhas
Gozag
Hepliaklqana
Kikubaaqudgha
Makhleb
Nemelex Xobeh
Okawaru
Qazlal
Ru
Sif Muna
Trog
Uskayaw
Vehumet
Wu Jian
Xom
Yredelemnul
Zin
The Shining One

Shops:
D:10 (


Innate Abilities, Weirdness & Mutations

You are too large for most types of armour.
You have tough skin. (AC +1)


Message History

The yak is almost dead.
You block the yak's attack.
You sock the yak!
The yak is almost dead.
You hit the yak.
You kill the yak!
Your Maces & Flails skill increases to level 12!
You sock the yak!
The yak is heavily wounded.
You block the yak's attack.
You hit the yak.
The yak is heavily wounded.
The yak gores you.
* * * LOW HITPOINT WARNING * * *
You hit the yak.
The yak is heavily wounded.
The yak gores you!
* * * LOW HITPOINT WARNING * * *
You sock the yak!
The yak is almost dead.
The yak closely misses you.
You sock the yak!
You kill the yak!
You hit the komodo dragon.
The komodo dragon is moderately wounded.
You block the komodo dragon's attack.
You thump the komodo dragon!
The komodo dragon is heavily wounded.
The komodo dragon bites you!!
* * * LOW HITPOINT WARNING * * *
You barely miss the komodo dragon.
The komodo dragon is heavily wounded.
The komodo dragon bites you!!
* * * LOW HITPOINT WARNING * * *
You sock the komodo dragon!
The komodo dragon is severely wounded.
You hit the komodo dragon but do no damage.
The komodo dragon is severely wounded.
The komodo dragon bites you!!
You die...

.......#
##...........#.####.....
###...##
#.......................
####.#
#.......................
###
##................#.....
#P...........####.##....
######.......#####
#..###P#
##.###...........##
#..#####
............#..l## ##..#
.........#..##.#@#
#..####
....$#PP#...######
##.#... #...######..#
#..... #..# #...# #.....
### ..>..# #.....
......# #..... .......
##.... ........ #....
#....


You could see a komodo dragon.

Vanquished Creatures
  An ogre mage (D:10)
  2 two-headed ogres
  Pikel (D:4)
  An orc knight (D:11)
  A cyclops (D:10)
  6 centaur zombies (D:10)
  A gargoyle (D:11)
  An unseen horror (D:10)
  A komodo dragon (D:8)
  2 unseen horror zombies (D:10)
  2 hornets
  A polar bear (Lair:1)
  Prince Ribbit (D:8)
  Sigmund (D:3)
  2 shadows (D:10)
  6 wraiths
  A wyvern (D:9)
  3 vampires
  12 yaks
  A fire bat (D:8)
  Eustachio (D:6)
  A human (D:8)
  A basilisk (D:10)
  Menkaure (D:4)
  An acid dragon (D:9)
  A black bear (D:8)
  6 ice beasts
  A sky beast (D:8)
  8 orc warriors
  An ogre (D:11)
  4 centaurs
  A lemure (D:4)
  A kobold brigand (D:9)
  A phantom (D:5)
  Blork the orc (D:4)
  8 bullfrogs
  A necrophage (D:5)
  A scorpion (D:6)
  18 wights
  Dowan (D:6)
  5 killer bees (D:10)
  3 howler monkeys
  2 jellies
  2 hounds (D:6)
  7 orc priests
  Terence (D:3)
  Crazy Yiuf (D:2)
  Jessica (D:1)
  A sleepcap (D:8)
  Natasha (thrice) (D:2)
  An iguana (D:4)
  10 orc wizards
  A hound skeleton (D:5)
  Robin (D:2)
  A gnoll (D:1)
  6 adders
  6 river rats
  A white imp (D:6)
  2 ufetubi
  2 worms
  6 dart slugs
  39 orcs
  12 ball pythons
  3 bats
  9 endoplasms
  4 giant cockroaches
  8 hobgoblins
  2 jackals (D:1)
  21 kobolds
  A quokka (D:3)
  5 frilled lizards
  17 goblins
  19 rats
309 creatures vanquished.

Notes
Turn   | Place    | Note
-------+----------+-------------------------------------------
     0 | D:1      | Cheops the Ogre Fighter began the quest for the Orb.
     0 | D:1      | Reached XP level 1. HP: 24/24 MP: 1/1
   177 | D:1      | Reached XP level 2. HP: 33/33 MP: 2/2
   195 | D:1      | Reached XP level 3. HP: 23/40 MP: 3/3
   642 | D:1      | Found a faded altar of an unknown god.
   955 | D:2      | Noticed Jessica
   978 | D:1      | Killed Jessica
   979 | D:1      | Reached skill level 5 in Fighting
   979 | D:1      | Reached XP level 4. HP: 30/50 MP: 4/4
  1248 | D:2      | Found a runed translucent door.
  1249 | D:2      | Noticed Crazy Yiuf
  1429 | D:2      | Noticed Robin
  1451 | D:2      | Reached XP level 5. HP: 25/59 MP: 5/5
  1622 | D:1      | Reached skill level 6 in Fighting
  1742 | D:2      | Killed Robin
  1918 | D:2      | Killed Crazy Yiuf
  2057 | D:3      | Noticed Natasha
  2058 | D:3      | Noticed an ice beast
  2079 | D:2      | Killed Natasha
  2091 | D:3      | Killed an ice beast
  2092 | D:3      | Reached skill level 7 in Fighting
  2092 | D:3      | Reached XP level 6. HP: 64/71 MP: 6/6
  2146 | D:3      | Found a glowing drain.
  2166 | Sewer    | Entered a sewer
  2813 | D:3      | Noticed Sigmund
  2878 | D:3      | Noticed Terence
  2889 | D:3      | Killed Terence
  2890 | D:3      | Reached XP level 7. HP: 79/79 MP: 7/7
  3019 | D:3      | Killed Sigmund
  3020 | D:3      | Reached skill level 8 in Fighting
  3020 | D:3      | Reached skill level 5 in Maces & Flails
  3090 | D:3      | Found a stormy altar of Qazlal.
  3340 | D:4      | Noticed Blork the orc
  3358 | D:4      | Killed Blork the orc
  3438 | D:4      | Noticed Menkaure
  3450 | D:4      | HP: 4/81 [Menkaure (16)]
  3457 | D:4      | HP: 2/81 [Menkaure (6)]
  3458 | D:4      | Killed Menkaure
  3459 | D:4      | Reached skill level 9 in Fighting
  3459 | D:4      | Reached XP level 8. HP: 4/92 MP: 8/8
  3703 | D:4      | Noticed Pikel
  3736 | D:4      | Killed Pikel
  4274 | D:5      | Entered Level 5 of the Dungeon
  4434 | D:5      | Reached skill level 10 in Fighting
  4532 | D:5      | Found a shimmering blue altar of Sif Muna.
  4552 | D:5      | Found a staircase to the Ecumenical Temple.
  4591 | Temple   | Entered the Ecumenical Temple
  4923 | D:5      | Found a burning altar of Makhleb.
  4939 | D:5      | Reached XP level 9. HP: 100/102 MP: 9/9
  5236 | D:6      | Noticed Duvessa
  5236 | D:6      | Noticed Dowan
  5622 | D:6      | Killed Dowan
  5663 | D:6      | Duvessa changed into Duvessa the howler monkey
  5663 | D:6      | Noticed Duvessa
  5670 | D:6      | Killed Duvessa the howler monkey
  5791 | D:6      | Reached skill level 11 in Fighting
  5826 | D:6      | Found a snail-covered altar of Cheibriados.
  5960 | D:6      | Noticed Eustachio
  5996 | D:6      | Killed Eustachio
  7020 | D:8      | Noticed a hornet
  7037 | D:8      | Paralysed by a hornet for 3 turns
  7044 | D:8      | Noticed Prince Ribbit
  7045 | D:8      | Killed a hornet
  7046 | D:8      | Reached skill level 12 in Fighting
  7046 | D:8      | Reached skill level 10 in Maces & Flails
  7046 | D:8      | Reached XP level 10. HP: 61/115 MP: 10/10
  7243 | D:8      | Killed Prince Ribbit
  7363 | D:8      | Found an iron altar of Okawaru.
  7827 | D:8      | Found a glowing golden altar of the Shining One.
  7928 | D:8      | Found a bloodstained altar of Trog.
  8017 | D:8      | HP: 5/117 [komodo dragon (23)]
  8427 | D:8      | Found a staircase to the Lair.
  8594 | D:8      | Found a basalt altar of Yredelemnul.
  8597 | D:8      | Found an opulent altar of Gozag.
  8602 | D:8      | Found a hazy altar of Hepliaklqana.
  8626 | D:8      | Found a white marble altar of Elyvilon.
  8627 | D:8      | Found a glowing silver altar of Zin.
  8727 | D:8      | Became a worshipper of the Shining One
  8786 | D:9      | Found a shadowy altar of Dithmenos.
  8840 | D:9      | Noticed a two-headed ogre
  9112 | D:9      | Reached skill level 1 in Invocations
  9242 | D:9      | Paralysed by a hornet for 2 turns
  9247 | D:9      | Paralysed by a hornet for 3 turns
  9494 | D:9      | Reached * piety under the Shining One
  9720 | D:9      | Killed a two-headed ogre
  9721 | D:9      | Reached skill level 5 in Shields
 10249 | D:9      | Reached XP level 11. HP: 113/124 MP: 13/13
 10343 | D:10     | Entered Level 10 of the Dungeon
 10575 | D:10     | Found Coigits's Antique Weapon Boutique.
 10987 | D:10     | Reached ** piety under the Shining One
 11053 | D:10     | Reached skill level 13 in Fighting
 11073 | D:10     | HP: 3/127 [orc priest/divine providence (16)]
 11388 | D:10     | Found a staircase to the Orcish Mines.
 11525 | D:10     | Noticed an ogre mage
 11534 | D:10     | Killed an ogre mage
 11737 | D:10     | Reached skill level 5 in Invocations
 11886 | D:10     | Reached skill level 1 in Evocations
 12315 | D:10     | Reached *** piety under the Shining One
 12345 | D:10     | Reached XP level 12. HP: 65/136 MP: 15/17
 13307 | D:2      | Noticed Natasha
 13310 | D:2      | Killed Natasha
 13350 | D:2      | Noticed Natasha
 13354 | D:2      | Killed Natasha
 14320 | D:11     | Reached skill level 1 in Throwing
 14660 | D:11     | Noticed a two-headed ogre
 14672 | D:11     | Killed a two-headed ogre
 15608 | Lair:1   | Entered Level 1 of the Lair of Beasts
 15758 | Lair:1   | Reached **** piety under the Shining One
 15794 | Lair:1   | Mangled by a komodo dragon

Illustrated notes

Levels and vault maps discovered:
D:1:      onia_arrival_mini_maze, layout_loops_cross,
          dreamdust_ecumenical_altar_statues, minmay_misc_feat_roman,
          minmay_hexomino_c4
D:2:      layout_rooms, kennysheep_generic_room_5, uniq_crazy_yiuf_cottage,
          uniq_jessica, uniq_robin
D:3:      layout_basic, lemuel_doored_altar, portal_sewer_entry_b, uniq_sigmund,
          uniq_natasha, uniq_terence
D:4:      cheibrodos_helix_gallery, layout_loops_cross, uniq_pikel,
          uniq_menkaure, uniq_blork_the_orc
D:5:      layout_basic, makhleb_blood_cavern_becter,
          mainiacjoe_overflow_24_doors, minmay_temple_entry_large_hall
D:6:      layout_basic, mainiacjoe_overflow_tiny_flanked, uniq_duvessa,
          uniq_eustachio
D:7:      layout_rooms, hangedman_abyss_or_decor_lesser_grid
D:8:      layout_cave_pools, good_gods_temple_1, grunt_temple_overflow_diamond,
          mainiacjoe_overflow_alcove_1, okawaru_humans,
          grunt_lair_entry_orc_guard_hut, st_stairs_13, uniq_prince_ribbit1
D:9:      layout_basic, mainiacjoe_overflow_paths
D:10:     minmay_wavy_crystal, layout_long_grid, orc_0_dummy, serial_shops,
          nicolae_shop_tiny_real_fake_doors, serial_undead, serial_undead_d,
          serial_undead_e, serial_undead_c, serial_undead_a,
          nicolae_two_hexagons
D:11:     layout_roguey [special_room_orc], serial_corexii_hall,
          chequers_hall_statues_y, chequers_hall_statues_y
Temple:   chequers_temple_sunken
Lair:1:   layout_cave_pods, nicolae_quartered_pool_medium

Skill      XL: |  1  2  3  4  5  6  7  8  9 10 11 12 |
---------------+-------------------------------------+-----
Maces & Flails | 2 3 4 5 7 10 11 12 | 12.0
Fighting       | 5 7 9 10 12 13 | 13.5
Invocations    | 3 6 8 |  8.0
Shields        | 6 7 |  7.2
Evocations     | 3 |  3.2
Throwing       | 4 |  4.3
Dodging        | |  2.6

Action                     |  1- 3 |  4- 6 |  7- 9 | 10-12 || total
---------------------------+-------+-------+-------+-------++-------
  Melee: Flail             |    70 |   291 |   282 |   657 ||  1300
         Whip              |       |       |   109 |       ||   109
  Throw: Large rock        |       |       |       |     5 ||     5
  Evoke: Wand              |       |       |     2 |     2 ||     4
    Use: Scroll            |       |     6 |     5 |     8 ||    19
         Potion            |       |       |     6 |     9 ||    15
 Armour: Robe              |     6 |       |       |       ||     6
         Troll leather arm |    22 |   179 |    93 |       ||   294
         Swamp dragon scal |       |       |    34 |   254 ||   288
         Skin              |       |       |       |    12 ||    12
  Dodge: Dodged            |    26 |   126 |   119 |   179 ||   450
  Block: Kite shield       |    29 |   166 |   138 |   244 ||   577
